 Dungeon Crawl Stone Soup version 0.20-a0-641-g673355a (webtiles) character file.

411 Laan the Ruffian (level 6, -2/53 HPs)
             Began as a Troll Wizard on Feb 14, 2017.
             Was an Initiate of Vehumet.
             Slain by a sky beast (6 damage)
             ... on level 5 of the Dungeon.
             The game lasted 00:07:34 (2388 turns).

Laan the Ruffian (Troll Wizard)                     Turns: 2388, Time: 00:07:35

Health: -2/53      AC:  5    Str: 16    XL:     6   Next: 58%
Magic:  7/8        EV:  9    Int: 19    God:    Vehumet [......]
Gold:   161        SH:  0    Dex:  8    Spells: 8/9 levels left

rFire    . . .     SeeInvis .     - Unarmed
rCold    + . .     Gourm    +   a - +0 robe
rNeg     . . .     Faith    .   (no shield)
rPois    .         Spirit   .   b - +0 hat
rElec    .         Reflect  .   (no cloak)
rCorr    .         Harm     .   (gloves unavailable)
MR       .....                  (boots unavailable)
Stlth    +.........             (no amulet)
Regen    0.6/turn               r - ring of protection from cold
MPRegen  0.2/turn               m - +3 ring of intelligence

@: no status effects
A: unfitting armour, claws 3, fast metabolism 3, gourmand, regeneration 1,
shaggy fur 1, tough skin 2
a: Renounce Religion


You were on level 5 of the Dungeon.
You worshipped Vehumet.
Vehumet was noncommittal.
You were very full.

You visited 2 branches of the dungeon, and saw 6 of its levels.

You collected 161 gold pieces.

Inventory:

Armour
 a - a +0 robe (worn)
 b - a +0 hat (worn)
Jewellery
 m - a +3 ring of intelligence (left claw)
 n - a +3 ring of dexterity
 r - a ring of protection from cold (right claw)
Scrolls
 e - 5 scrolls of remove curse {unknown}
 j - a scroll of fear {unknown}
 l - 6 scrolls of identify {unknown}
 o - a scroll of amnesia {unknown}
 p - a scroll of enchant armour {unknown}
 q - 2 scrolls of teleportation {unknown}
 t - a scroll of noise {unknown}
Potions
 g - 3 potions of curing {unknown}
 h - 2 potions of mutation {unknown}
 i - a potion of might {unknown}
 u - a potion of heal wounds {unknown}
 v - a potion of brilliance {unknown}
 w - a potion of resistance {unknown}
Books
 c - a book of Minor Magic

   Spells                             Type                      Level
   a - Magic Dart                     Conjuration                  1
   b - Blink                          Translocation                2
   c - Call Imp                       Summoning                    2
   d - Slow                           Hexes                        2
   e - Conjure Flame                  Conjuration/Fire             3
   f - Mephitic Cloud                 Conjuration/Poison/Air       3
Comestibles
 d - 6 bread rations
 f - 2 meat rations
 k - 2 royal jellies
 s - 4 fruits


   Skills:
 - Level 1.5 Dodging
 - Level 1.0 Stealth
 - Level 5.5 Unarmed Combat
 + Level 2.3 Spellcasting
 * Level 2.3 Conjurations
   Level 0.6 Summonings
   Level 0.6 Translocations


You had 8 spell levels left.
You knew the following spells:

 Your Spells              Type           Power        Failure   Level  Hunger
a - Magic Dart            Conj           ##..         10%         1    #......


Dungeon Overview and Level Annotations

Branches:
Dungeon (5/15)             Temple (1/1) D:4

Altars:
Ashenzari
Cheibriados
Elyvilon
Fedhas
Gozag
Hepliaklqana
Kikubaaqudgha
Makhleb
Okawaru
Qazlal
Trog
Vehumet
Xom
Yredelemnul
Zin
The Shining One


Innate Abilities, Weirdness & Mutations

You are too large for most types of armour.
You have claws for hands.
Your metabolism is lightning-fast.
You like to eat raw meat.
Your natural rate of healing is unusually fast.
You are covered in fur. (AC +1)
You have very tough skin. (AC +2)


Message History

You claw something! Something hits you but does no damage.
You closely miss something. Something hits you.
* * * LOW HITPOINT WARNING * * *
Something shocks you.
* * * LOW HITPOINT WARNING * * *
You barely miss something.
A sky beast appears from thin air!
Reactivating autopickup.
The sky beast hits you but does no damage.
You closely miss the sky beast.
The sky beast is almost dead.
The sky beast closely misses you.
You completely miss the sky beast.
The sky beast is almost dead.
The sky beast misses you.
You closely miss the sky beast. Your claw misses the sky beast.
The sky beast is almost dead.
The sky beast hits you.
* * * LOW HITPOINT WARNING * * *
The sky beast shocks you.
You die...

..........#
#..........
..........#
#..........
..........#
#.....$....
..........#
#..........
..........#
+..........
####......#
#..........
#......#
#..........
#.....Y#
#..........
#.....@#
##.....#
##....#
##...#
#...# #####


You could see a sky beast.

Vanquished Creatures
  A howler monkey (D:4)
  3 hounds (D:4)
  A centaur skeleton (D:4)
  2 iguanas
  2 worker ants (D:4)
  Terence (D:1)
  5 adders
  A shadow imp (D:5)
  An adder skeleton (D:4)
  2 worms
  4 dart slugs
  4 leopard geckos
  6 giant cockroaches
  4 goblins
  8 hobgoblins
  3 jackals (D:3)
  A quokka (D:3)
  A ball python (D:1)
  6 bats
  5 frilled lizards
  10 kobolds
  A leopard gecko skeleton (D:4)
  2 rats (D:3)
74 creatures vanquished.

Notes
Turn   | Place    | Note
-------+----------+-------------------------------------------
     0 | D:1      | Laan the Troll Wizard began the quest for the Orb.
     0 | D:1      | Reached XP level 1. HP: 16/16 MP: 2/2
    62 | D:1      | Reached skill level 1 in Unarmed Combat
   122 | D:1      | Reached XP level 2. HP: 24/24 MP: 4/4
   155 | D:1      | Reached skill level 2 in Unarmed Combat
   482 | D:2      | Reached XP level 3. HP: 31/31 MP: 5/5
   488 | D:2      | Noticed Terence
   512 | D:1      | Killed Terence
   512 | D:1      | Reached skill level 3 in Unarmed Combat
   629 | D:2      | Reached XP level 4. HP: 39/39 MP: 6/6
   815 | D:2      | Found a faded altar of an unknown god.
  1199 | D:3      | Reached skill level 4 in Unarmed Combat
  1382 | D:3      | Reached XP level 5. HP: 42/45 MP: 7/7
  1808 | D:4      | Reached skill level 5 in Unarmed Combat
  1835 | D:4      | Reached skill level 1 in Conjurations
  1879 | D:4      | Reached XP level 6. HP: 49/53 MP: 8/8
  2175 | D:4      | Found a staircase to the Ecumenical Temple.
  2183 | Temple   | Entered the Ecumenical Temple
  2264 | Temple   | Became a worshipper of Vehumet
  2314 | D:5      | Entered Level 5 of the Dungeon
  2345 | D:5      | Noticed a sky beast
  2388 | D:5      | Slain by a sky beast

Vault maps used:
D:1:      doesnt_arrival_goblin_jail
D:2:      lemuel_upstairs_altar, chequers_ecumenical_altar_twisty, uniq_terence
D:3:      minmay_crystal_room
D:4:      temple_statues
D:5:      amethyst_overflow_temple_binary, first_bread, kennysheep_nondescript,
          uniq_blork_the_orc
Temple:   eino_narrow_crystal_temple

Skill      XL: |  1  2  3  4  5  6 |
---------------+-------------------+-----
Unarmed Combat | 1 2 3 4 5 |  5.5
Conjurations   | 1 2 |  2.3
Dodging        | |  1.5
Stealth        | |  1.0
Spellcasting   | |  2.3
Summonings     | |  0.6
Translocations | |  0.6

Action                   |  1- 3 |  4- 6 || total
-------------------------+-------+-------++-------
Melee: Unarmed           |    81 |   140 ||   221
       Punch             |     1 |     4 ||     5
 Cast: Magic Dart        |       |     5 ||     5
 Stab: Distracted        |     1 |       ||     1
  Eat: Chunk             |    11 |    15 ||    26
Armor: Robe              |    40 |    53 ||    93
Dodge: Dodged            |    45 |    50 ||    95
